 Dungeon Crawl Stone Soup version 0.21.1-1-g345015f (webtiles) character file.

1253 zishaf the Slasher (level 8, -5/65 HPs)
             Began as a Barachi Fighter on May 12, 2018.
             Killed from afar by antares's ghost (12 damage)
             ... with a stone arrow
             ... on level 5 of the Dungeon.
             The game lasted 00:17:03 (4678 turns).

zishaf the Slasher (Barachi Fighter)                Turns: 4678, Time: 00:17:04

Health: -5/65      AC:  9    Str: 20    XL:     8   Next: 51%
Magic:  8/8        EV: 11    Int:  8    God:
Gold:   207        SH:  9    Dex: 16    Spells: 7/7 levels left

rFire    . . .     SeeInvis .   a - +0 long sword
rCold    . . .     Gourm    +   c - +0 shield
rNeg     . . .     Faith    .   b - +0 scale mail
rPois    +         Spirit   .   (helmet restricted)
rElec    .         Reflect  .   r - +0 cloak
rCorr    .         Harm     .   (no gloves)
MR       .....                  (no boots)
Stlth    ..........             j - amulet of the gourmand
HPRegen  0.20/turn              i - +4 ring of dexterity
MPRegen  0.11/turn              h - ring of flight

@: slow
A: +LOS, swims, horns 1, poison resistance, slowness 1, strong legs 1
a: Hop, Evoke Flight


You were on level 5 of the Dungeon.
You were completely stuffed.

You visited 1 branch of the dungeon, and saw 5 of its levels.

You collected 207 gold pieces.

Inventory:

Hand Weapons
 a - a +0 long sword (weapon)
Armour
 b - a +0 scale mail (worn)
 c - a +0 shield (worn)
 r - a +0 cloak (worn)
Jewellery
 h - a ring of flight (right hand)
 i - a +4 ring of dexterity (left hand)
 j - an amulet of the gourmand (around neck)
 t - an uncursed amulet of faith
Wands
 p - a wand of paralysis (14)
Scrolls
 d - a scroll of amnesia {unknown}
 e - a scroll of enchant armour {unknown}
 l - 2 scrolls of identify
 m - a scroll of blinking
 w - a scroll of remove curse
Potions
 g - a potion of mutation
 k - a potion of curing {unknown}
 n - a potion of brilliance
 o - a potion of flight
Comestibles
 f - 5 rations
 q - 3 chunks of flesh


   Skills:
 + Level 6.6 Fighting
 + Level 6.7 Long Blades
 + Level 6.6 Armour
 + Level 5.7 Dodging
 - Level 3.2 Shields


You had 7 spell levels left.
You didn't know any spells.

Dungeon Overview and Level Annotations

Branches:
Dungeon (5/15)
 Temple: D:4-7

Altars:
Nemelex Xobeh

Annotations:
D:5 antares's ghost, novice GrEE


Innate Abilities, Weirdness & Mutations

Shadows flee at your approach. (+LOS)
You can swim through water.
You cover ground slowly.
You can hop short distances.
You have a pair of small horns on your head.
Your system is resistant to poisons. (rPois)


Message History

Press: ? - help, Shift-Dir - straight line, f - antares's ghost
Aim: antares's ghost (severely damaged, chance to defeat MR: 19%) Antares's ghost resists with almost no effort.
Antares's ghost hits you.
* * * LOW HITPOINT WARNING * * *
Evoke which item? (* to show all) (? for menu, Esc to quit)
Aiming: Paralyse
Press: ? - help, Shift-Dir - straight line, f/p - antares's ghost
Aim: antares's ghost (severely damaged, chance to defeat MR: 19%) Antares's ghost resists with almost no effort.
Antares's ghost casts a spell at you. The stone arrow misses you.
Evoke which item? (* to show all) (? for menu, Esc to quit)
Aiming: Paralyse
Press: ? - help, Shift-Dir - straight line, f/p - antares's ghost
Aim: antares's ghost (severely damaged, chance to defeat MR: 19%) Antares's ghost resists with almost no effort.
Antares's ghost casts a spell at you. The stone arrow hits you!
You die...

.##. #..............
..#. ###############
... # #.. #.. #..
#..### #...# #†@.#
#.#W# #.#$.######
..#.......# #
..##.......# #.#
..###.......##...#
.#..............# #
#.#.###.......######
# # .
#............####


You could see antares's ghost.

Vanquished Creatures
  The ghost of fitz the Cleaver, an amateur HOFi (D:3)
  3 ogres
  2 centaurs
  A big kobold (D:4)
  A scorpion (D:5)
  An orc priest (D:4)
  A hound (D:5)
  A jelly (D:5)
  A centaur skeleton (D:2)
  2 orc wizards (D:4)
  2 worker ants (D:4)
  Ijyb (D:3)
  Natasha (thrice) (D:2)
  4 adders
  6 gnolls (D:4)
  2 howler monkey skeletons (D:4)
  2 worms (D:2)
  2 leopard geckos
  5 orcs
  4 giant cockroaches
  7 goblins
  11 hobgoblins
  13 kobolds
  A quokka (D:4)
  A ball python (D:1)
  7 bats
  7 frilled lizards
  3 rats
95 creatures vanquished.

Vanquished Creatures (others)
  2 jackals (D:5)
2 creatures vanquished.

Grand Total: 97 creatures vanquished

Notes
Turn   | Place    | Note
-------+----------+-------------------------------------------
     0 | D:1      | zishaf the Barachi Fighter began the quest for the Orb.
     0 | D:1      | Reached XP level 1. HP: 18/18 MP: 1/1
    71 | D:1      | Reached XP level 2. HP: 21/24 MP: 2/2
   667 | D:2      | Reached XP level 3. HP: 26/29 MP: 3/3
   971 | D:2      | Noticed Natasha
   999 | D:2      | Killed Natasha
   999 | D:2      | Reached skill level 5 in Long Blades
   999 | D:2      | Reached XP level 4. HP: 22/36 MP: 4/4
  1341 | D:2      | Reached XP level 5. HP: 29/41 MP: 5/5
  1400 | D:2      | Noticed Natasha
  1634 | D:2      | Killed Natasha
  1850 | D:2      | Noticed Natasha
  1872 | D:2      | Gained mutation: You have a pair of small horns on your head. [potion of mutation]
  1872 | D:2      | Gained mutation: Your system is resistant to poisons. (rPois) [potion of mutation]
  1872 | D:2      | Gained mutation: You evolve. [potion of mutation]
  1872 | D:2      | Gained mutation: You are agile. (Dex +2) [potion of mutation]
  1873 | D:2      | HP: 1/42 [crimson imp[Natasha] (4)]
  1874 | D:2      | Killed Natasha
  2163 | D:2      | Lost mutation: You evolve. [potion of mutation]
  2163 | D:2      | Lost mutation: Your system is resistant to poisons. (rPois) [potion of mutation]
  2163 | D:2      | Lost mutation: You are agile. (Dex +2) [potion of mutation]
  2163 | D:2      | Gained mutation: Your system is resistant to poisons. (rPois) [potion of mutation]
  2231 | D:3      | Noticed fitz's ghost (amateur HOFi)
  2350 | D:3      | Noticed Ijyb
  2351 | D:3      | Paralysed by Ijyb for 3 turns
  2357 | D:3      | Killed Ijyb
  2529 | D:3      | Killed fitz's ghost
  2529 | D:3      | Reached skill level 5 in Fighting
  2529 | D:3      | Reached skill level 5 in Armour
  2529 | D:3      | Reached XP level 6. HP: 26/51 MP: 6/6
  2748 | D:3      | Reached XP level 7. HP: 46/57 MP: 7/7
  3135 | D:4      | Reached skill level 1 in Dodging
  3916 | D:4      | Reached skill level 5 in Dodging
  3916 | D:4      | Reached XP level 8. HP: 39/64 MP: 8/8
  4466 | D:5      | Entered Level 5 of the Dungeon
  4469 | D:5      | Found a sparkling altar of Nemelex Xobeh.
  4637 | D:5      | Noticed antares's ghost (novice GrEE)
  4678 | D:5      | Killed from afar by antares's ghost

Skill      XL: |  1  2  3  4  5  6  7 |
---------------+----------------------+-----
Long Blades    | 3 4 5 6 |  6.7
Fighting       | 5 6 |  6.6
Armour         | 5 6 |  6.6
Dodging        | 5 |  5.7
Shields        | |  3.2

Action                   |  1- 3 |  4- 6 |  7- 9 || total
-------------------------+-------+-------+-------++-------
Melee: Long sword        |   100 |    70 |   155 ||   325
       Headbutt          |       |     7 |    41 ||    48
 Abil: Hop               |     1 |     3 |     2 ||     6
Evoke: Wand              |       |       |     3 ||     3
  Use: Scroll            |     1 |       |     7 ||     8
       Potion            |       |     6 |     3 ||     9
  Eat: Chunk             |    16 |     7 |     7 ||    30
Armor: Scale mail        |    46 |     4 |    10 ||    60
       Leather armour    |       |    14 |    16 ||    30
       Skin              |       |       |    24 ||    24
Dodge: Dodged            |    35 |    33 |    53 ||   121
Block: Shield            |    53 |    40 |    81 ||   174
       Rpst.: Long sword |     8 |     6 |    14 ||    28
